 Dungeon Crawl Stone Soup version 0.30-a0-373-gd37427bb62 (webtiles) character file.

Game seed: 12161424600319089514

75 qeuew the Trooper (level 4, -1/35 HPs)
             Began as a Demonspawn Monk on Nov 24, 2022.
             Slain by an orc
             ... wielding a +0 flail of holy wrath
              (6 damage)
             ... on level 3 of the Dungeon.
             The game lasted 00:02:45 (2014 turns).

qeuew the Trooper (Demonspawn Monk)                 Turns: 2014, Time: 00:02:46

Health: -1/35      AC:  4    Str: 13    XL:     4   Next: 11%
Magic:  4/4        EV: 12    Int: 14    God:
Gold:   141        SH:  0    Dex: 15    Spells: 3/3 levels left

rFire   . . .      SeeInvis .    a - +1 hand axe
rCold   . . .      Faith    .    (no shield)
rNeg    . . .      Spirit   .    e - +0 leather armour
rPois   .          Reflect  .    (no helmet)
rElec   .          Harm     .    (no cloak)
rCorr   .          Rampage  .    h - +0 pair of gloves
Will    .....                    (no boots)
Stlth   ++........               (no amulet)
HPRegen 0.25/turn                (no ring)
MPRegen 0.09/turn                (no ring)

@: brilliant
A: big brain 1
a: no special abilities


You were on level 3 of the Dungeon.
You visited 1 branch of the dungeon, and saw 3 of its levels.

You collected 141 gold pieces.

Inventory:

Hand Weapons
 a - a +1 hand axe (weapon)
Armour
 e - a +0 leather armour (worn)
 h - a +0 pair of gloves (worn)
Potions
 c - a potion of ambrosia


   Skills:
 + Level 3.5 Fighting
 + Level 3.2 Axes
 + Level 1.4 Armour
 + Level 3.2 Dodging
 - Level 1.7 Stealth


You had 3 spell levels left.
You didn't know any spells.
Your spell library contained the following spells:

 Spells                   Type           Power      Damage    Failure   Level
 Shock                    Conj/Air       0%         1d3       36%         1
 Swiftness                Air            0%         N/A       73%         3
 Airstrike                Air            0%         2d(0-16)  98%         4


Dungeon Overview and Level Annotations

Branches:
Dungeon (3/15)

Altars:


Innate Abilities, Weirdness & Mutations

You have an unusually large brain. (Int +2)


Message History

What level of the Dungeon? (default 1, ? - help)
There is a stone staircase leading down here.
You climb downwards.
The orc shouts! x3
Found a dagger and 16 gold pieces.
There is a stone staircase leading up here.
There are monsters nearby!
The orc hits you with a +0 hand axe.
You hit the orc.
The orc is heavily wounded.
You closely miss the orc. The orc hits you with a +0 hand axe.
The orc hits you with a +0 flail of holy wrath.
You convulse.
The orc hits you from afar with a +0 trident.
You are too injured to fight recklessly!
You are too injured to fight recklessly!
You are too injured to fight recklessly!
You are too injured to fight recklessly!
You are too injured to fight recklessly!
You are too injured to fight recklessly!
You are too injured to fight recklessly!
You are too injured to fight recklessly!
You are too injured to fight recklessly!
You are too injured to fight recklessly!
You are too injured to fight recklessly!
You are too injured to fight recklessly!
Unknown command.
The orc hits you but does no damage. The orc hits you with a +0 hand axe.
The orc barely misses you. The orc misses you.
Unknown command.
You hit the orc.
The orc is moderately wounded.
You hit the orc. You closely miss the orc. You hit the orc.
The orc closely misses you. The orc hits you but does no damage.
The orc hits you with a +0 hand axe.
* * * LOW HITPOINT WARNING * * *
The orc hits you with a +0 flail of holy wrath.
* * * LOW HITPOINT WARNING * * *
You convulse.
You die...

...# .#.#
##...####
#######.......#
............#
.)........#
.......<#.#
........o.#
###....@o.#
#...#$oo.#
#.###.#...# #
.. ##.# ... ...
...# .... ....
##.. ..... ..


You could see 4 orcs.

Vanquished Creatures
  Jessica (D:2)
  An adder (D:2)
  2 worms (D:2)
  3 ball pythons (D:2)
  5 endoplasms
  2 giant cockroaches
  4 goblins
  2 hobgoblins
  2 kobolds
  2 quokkas (D:2)
  A bat (D:1)
  A frilled lizard (D:2)
  6 rats
32 creatures vanquished.

Notes
Turn   | Place    | Note
-------+----------+-------------------------------------------
     0 | D:1      | qeuew the Demonspawn Monk began the quest for the Orb.
     0 | D:1      | Reached XP level 1. HP: 18/18 MP: 1/1
   426 | D:1      | Gained mutation: You have an unusually large brain. (Int
                  | +2) [demonic ancestry]
   426 | D:1      | Reached XP level 2. HP: 24/24 MP: 2/2
   433 | D:1      | Found a faded altar of an unknown god.
  1176 | D:2      | Reached skill level 1 in Armour
  1182 | D:2      | Noticed Jessica
  1189 | D:2      | Killed Jessica
  1190 | D:2      | Reached XP level 3. HP: 20/29 MP: 3/3
  1484 | D:2      | Reached XP level 4. HP: 35/35 MP: 4/4
  2014 | D:3      | Slain by an orc

Illustrated notes

Levels and vault maps discovered:
D:1:      zaba_arrival_water, layout_basic, hellmonk_ecumenical_altar_blasted,
          minmay_ruptured
D:2:      layout_loops_ring, chequers_serial_rivers_small_3,
          nicolae_hexahallways, uniq_jessica
D:3:      cheibrodos_pilgrimage, layout_basic, eino_curves_02

Skill      XL: |  1  2 |
---------------+-------+-----
Axes           | 3 |  3.2
Armour         | 1 |  1.4
Dodging        | 3 |  3.2
Fighting       | |  3.5
Stealth        | |  1.7

Action                   |  1- 3 |  4- 6 || total
-------------------------+-------+-------++-------
Melee: Hand axe          |   113 |    27 ||   140
       Punch             |     2 |       ||     2
  Use: Scroll            |     3 |     1 ||     4
       Potion            |     1 |     1 ||     2
 Stab: Sleeping          |     5 |     1 ||     6
       Distracted        |     1 |       ||     1
Armor: Robe              |     2 |       ||     2
       Leather armour    |    27 |     9 ||    36
Dodge: Dodged            |    70 |    12 ||    82

Table legend: (Time is in decaauts)
 A = Elapsed time spent in this place.
 B = Non-inter-level travel time spent in this place.
 C = Inter-level travel time spent in this place.
 D = Time resting spent in this place.
 E = Time spent auto-exploring this place.
 F = Levels seen in this place.
 G = Mean time per level.
                   A        B        C        D        E       F      G
               +--------+--------+--------+--------+--------+-----+--------+
         Total |   2044 |   1885 |    159 |    100 |   1449 |   3 |  681.3 |
       Dungeon |   2044 |   1885 |    159 |    100 |   1449 |   3 |  681.3 |
               +--------+--------+--------+--------+--------+-----+--------+

Top non-repeatable levels by time:
     D:2: 1118 daAuts
     D:1: 922 daAuts
     D:3: 3 daAuts
